 Dungeon Crawl Stone Soup version 0.22.0-81-g402daae900 (webtiles) character file.

116 JedernureinKreuz the Conjurer (level 5, -1/37 HPs)
             Began as a Gnoll Conjurer on Sept 16, 2018.
             Killed from afar by Natasha (11 damage)
             ... with a wand of flame (14)
             ... on level 3 of the Dungeon.
             The game lasted 00:12:22 (1674 turns).

JedernureinKreuz the Conjurer (Gnoll Conjurer)      Turns: 1674, Time: 00:12:23

Health: -1/37      AC:  6    Str: 10    XL:     5   Next: 0%
Magic:  17/21      EV: 14    Int: 18    God:
Gold:   139        SH:  0    Dex: 16    Spells: 6/14 levels left

rFire    . . .     SeeInvis .   t - +2 dagger (speed)
rCold    . . .     Gourm    .   (no shield)
rNeg     . . .     Faith    .   l - +0 leather armour
rPois    .         Spirit   .   A - +0 helmet
rElec    .         Reflect  .   (no cloak)
rCorr    .         Harm     .   B - +0 pair of gloves
MR       .....                  q - +0 pair of boots
Stlth    +++.......             (no amulet)
HPRegen  0.12/turn              v - ring of magical power
MPRegen  0.17/turn              (no ring)

@: no status effects
A: distributed training, fangs 1, strong nose
a: no special abilities


You were on level 3 of the Dungeon.
You were not hungry.

You visited 1 branch of the dungeon, and saw 3 of its levels.

You collected 139 gold pieces.

Inventory:

Hand Weapons
 b - a +0 spear
 d - a +0 dagger of speed
 h - a +0 dagger
 t - a +2 dagger of speed (weapon)
 y - a cursed -3 dagger
Missiles
 i - 37 arrows
 k - 15 poisoned needles
 o - 25 sling bullets
 u - 27 bolts
Armour
 a - a +0 robe
 l - a +0 leather armour (worn)
 q - a +0 pair of boots (worn)
 A - a +0 helmet (worn)
 B - a +0 pair of gloves (worn)
Jewellery
 v - a ring of magical power (left hand)
Scrolls
 e - 2 scrolls of identify {unknown}
 f - a scroll of blinking {unknown}
 m - 3 scrolls of remove curse {unknown}
 n - a scroll of amnesia {unknown}
 r - 3 scrolls of fear {unknown}
 x - a scroll of enchant weapon {unknown}
Potions
 g - a potion of brilliance {unknown}
 j - 2 potions of flight {unknown}
 p - a potion of resistance {unknown}
 s - a potion of lignification {unknown}
 z - a potion of degeneration {unknown}
Comestibles
 c - 7 rations
 w - 22 chunks of flesh


   Skills:
 + Level 1.2 Fighting
 + Level 1.2 Short Blades
 + Level 1.2 Long Blades
 + Level 1.2 Axes
 + Level 1.2 Maces & Flails
 + Level 1.2 Polearms
 + Level 1.2 Staves
 + Level 1.2 Slings
 + Level 1.2 Bows
 + Level 1.2 Crossbows
 + Level 1.2 Throwing
 + Level 1.2 Armour
 + Level 4.7 Dodging
 + Level 4.3 Stealth
 + Level 1.2 Shields
 + Level 1.2 Unarmed Combat
 + Level 5.1 Spellcasting
 + Level 7.1 Conjurations
 + Level 1.0 Hexes
 + Level 1.0 Charms
 + Level 1.0 Summonings
 + Level 1.0 Necromancy
 + Level 1.0 Translocations
 + Level 1.0 Transmutations
 + Level 1.0 Fire Magic
 + Level 1.0 Ice Magic
 + Level 1.0 Air Magic
 + Level 1.0 Earth Magic
 + Level 1.0 Poison Magic
 + Level 1.4 Invocations
 + Level 1.2 Evocations


You had 6 spell levels left.
You knew the following spells:

 Your Spells              Type           Power        Failure   Level  Hunger
a - Magic Dart            Conj           ####         1%          1    None
b - Iskenderun's Mystic   Conj           ####....     9%          4    ####...
c - Dazzling Spray        Conj/Hex       ###...       10%         3    ##.....

Your spell library contained the following spells:

 Spells                   Type           Power        Failure   Level  Hunger
 Searing Ray              Conj           ####..       1%          2    #......
 Force Lance              Conj/Tloc      ###.....     32%         4    ####...
 Fulminant Prism          Conj/Hex       ###.......   32%         4    ####...


Dungeon Overview and Level Annotations

Branches:
Dungeon (3/15)

Altars:
Kikubaaqudgha
Yredelemnul
Zin
The Shining One

Annotations:
D:3 Natasha


Innate Abilities, Weirdness & Mutations

Your experience applies equally to all skills.
You have very sharp teeth.
Your uncanny sense of smell can sniff out nearby items.


Message History

Natasha hisses angrily.
Casting: Magic Dart (safe; 1% risk of failure)
Confirm with . or Enter, or press ? or * to list all spells.
Aiming: Magic Dart (safe; 1% risk of failure)
Press: ? - help, Shift-Dir - straight line, f/p - orc wizard
Aim: an orc wizard, wielding a dagger and wearing a robe (moderately wounded)
The magic dart hits the orc wizard.
The orc wizard is moderately wounded.
Natasha zaps a wand.
The puff of flame hits you!
It is a wand of flame (15).
Natasha stares at you and mumbles some strange words.
The magic dart hits you!
Natasha zaps a wand.
The puff of flame hits you!
Natasha stares at you and mumbles some strange words.
The magic dart hits you!
* * * LOW HITPOINT WARNING * * *
The orc wizard mumbles some strange words.
The orc wizard seems to speed up.
The orc wizard gestures at you while chanting.
You resist with some effort.
Natasha zaps a wand.
The puff of flame hits you!
You die...

#......########.#
#####...........## #.#
###........(.... #..
#.......÷....... .(
#####.......#### ∆ .##
#.......###########..##
##.....#........##....###.
#.....÷...................
#........@...h.o...#
#.......####...#...#
##.....## ###o....#
##...## ###.).# #####
#...# #####


You could see an orc wizard, Natasha and an orc.

Vanquished Creatures
  Robin (D:3)
  An adder (D:1)
  2 worms (D:2)
  A dart slug (D:1)
  A leopard gecko (D:1)
  2 orcs (D:3)
  A ball python (D:3)
  12 bats
  2 giant cockroaches
  14 goblins
  15 hobgoblins
  7 jackals (D:3)
  4 kobolds
  A quokka (D:2)
  8 rats
72 creatures vanquished.

Notes
Turn   | Place    | Note
-------+----------+-------------------------------------------
     0 | D:1      | JedernureinKreuz the Gnoll Conjurer began the quest for the
                  | Orb.
     0 | D:1      | Reached XP level 1. HP: 13/13 MP: 6/6
   114 | D:1      | Reached XP level 2. HP: 11/19 MP: 5/7
   470 | D:1      | Reached XP level 3. HP: 24/25 MP: 0/9
   481 | D:1      | Reached skill level 5 in Spellcasting
   895 | D:1      | Reached skill level 1 in Invocations
   965 | D:2      | Reached skill level 1 in Fighting
   965 | D:2      | Reached skill level 1 in Short Blades
   965 | D:2      | Reached skill level 1 in Long Blades
   965 | D:2      | Reached skill level 1 in Axes
   965 | D:2      | Reached skill level 1 in Maces & Flails
   965 | D:2      | Reached skill level 1 in Polearms
   965 | D:2      | Reached skill level 1 in Staves
   965 | D:2      | Reached skill level 1 in Slings
   965 | D:2      | Reached skill level 1 in Bows
   965 | D:2      | Reached skill level 1 in Crossbows
   965 | D:2      | Reached skill level 1 in Throwing
   965 | D:2      | Reached skill level 1 in Armour
   965 | D:2      | Reached skill level 1 in Shields
   965 | D:2      | Reached skill level 1 in Unarmed Combat
   965 | D:2      | Reached skill level 1 in Evocations
  1001 | D:2      | Reached XP level 4. HP: 19/32 MP: 2/11
  1264 | D:2      | Found a glowing silver altar of Zin.
  1264 | D:2      | Found a glowing golden altar of the Shining One.
  1271 | D:2      | Found an ancient bone altar of Kikubaaqudgha.
  1273 | D:2      | Found a basalt altar of Yredelemnul.
  1275 | D:2      | Found a faded altar of an unknown god.
  1419 | D:2      | Learned a level 4 spell: Iskenderun's Mystic Blast
  1423 | D:2      | Learned a level 3 spell: Dazzling Spray
  1469 | D:3      | Found a faded altar of an unknown god.
  1499 | D:3      | Noticed Robin
  1536 | D:3      | Reached skill level 1 in Hexes
  1536 | D:3      | Reached skill level 1 in Charms
  1536 | D:3      | Reached skill level 1 in Summonings
  1536 | D:3      | Reached skill level 1 in Necromancy
  1536 | D:3      | Reached skill level 1 in Translocations
  1536 | D:3      | Reached skill level 1 in Transmutations
  1536 | D:3      | Reached skill level 1 in Fire Magic
  1536 | D:3      | Reached skill level 1 in Ice Magic
  1536 | D:3      | Reached skill level 1 in Air Magic
  1536 | D:3      | Reached skill level 1 in Earth Magic
  1536 | D:3      | Reached skill level 1 in Poison Magic
  1541 | D:3      | Killed Robin
  1644 | D:3      | Reached XP level 5. HP: 37/37 MP: 12/12
  1663 | D:3      | Noticed Natasha
  1674 | D:3      | Killed from afar by Natasha

Skill      XL: |  1  2  3  4 |
---------------+-------------+-----
Spellcasting   | 5 |  5.1
Invocations    | 1 |  1.4
Fighting       | 1 |  1.2
Short Blades   | 1 |  1.2
Long Blades    | 1 |  1.2
Axes           | 1 |  1.2
Maces & Flails | 1 |  1.2
Polearms       | 1 |  1.2
Staves         | 1 |  1.2
Slings         | 1 |  1.2
Bows           | 1 |  1.2
Crossbows      | 1 |  1.2
Throwing       | 1 |  1.2
Armour         | 1 |  1.2
Shields        | 1 |  1.2
Unarmed Combat | 1 |  1.2
Evocations     | 1 |  1.2
Hexes          | 1 |  1.0
Charms         | 1 |  1.0
Summonings     | 1 |  1.0
Necromancy     | 1 |  1.0
Translocations | 1 |  1.0
Transmutations | 1 |  1.0
Fire Magic     | 1 |  1.0
Ice Magic      | 1 |  1.0
Air Magic      | 1 |  1.0
Earth Magic    | 1 |  1.0
Poison Magic   | 1 |  1.0
Dodging        | |  4.7
Stealth        | |  4.3
Conjurations   | |  7.1

Action                   |  1- 3 |  4- 6 || total
-------------------------+-------+-------++-------
Melee: Spear             |    13 |       ||    13
       Dagger            |    37 |    62 ||    99
       Bite              |     5 |     6 ||    11
 Cast: Magic Dart        |    53 |    33 ||    86
       Iskenderun's Myst |       |     4 ||     4
 Stab: Sleeping          |     1 |       ||     1
  Eat: Chunk             |       |     3 ||     3
Armor: Robe              |    12 |       ||    12
       Leather armour    |     4 |    14 ||    18
Dodge: Dodged            |    48 |    55 ||   103
